AoeStats
← 公鸡神探

MegaRandom

508404437Analyzed
4v4 RM · 10d ago on Sep 22, 2026· 64m 21s· 8 players
Game mode
Random Map
Map size
Large (8 player)
Population
200
Speed
Normal
Resources
Standard
Victory
Conquest
Starting age
Dark Age
Ending age
Imperial Age
RankedLock teamsTeams togetherTeam positionsShared explorationLock speedFull tech treeHidden civsTurbo modeCheats
Victory
Defeat
🇹🇷 Koreans · Türkiye
1070
+14
🇺🇦 Bohemians · Ukraine
982
+18
🇺🇦 Goths · Ukraine
981
+18
🇩🇪 Inca · Germany
902
+21
🇨🇳 Berbers · China
1125
-23
1106
-21
954
-15
🇹🇼 Mongols · Taiwan
889
-12
MagnaFox
7:31 Loom
10:25 Feudal Age
10:37 Feudal Age
16:04 Castle Age
15:15 Double-Bit Axe
26:12 Bow Saw
28:02 Fletching
29:29 Fervor
31:16 Wheelbarrow
32:40 Hand Cart
35:34 Imperial Age
34:06 Hand Cart
34:16 Town Watch
35:28 Bodkin Arrow
35:44 Forging
35:34 Scale Mail Armor
36:58 Conscription
38:41 Chemistry
38:03 Ballistics
38:01 Bracer
38:49 Houfnice
46:38 Town Patrol
47:57 Two-Man Saw
54:57 Siege Engineers
55:03 Masonry
56:57 Horse Collar
63:20 Pikeman
64:00 Squires
63:20 Pikeman
QiQiKaKaGuGu
12:00 Feudal Age
13:55 Loom
14:01 Champi Runner
14:47 Double-Bit Axe
14:45 Horse Collar
15:24 Forging
15:15 Scale Mail Armor
15:25 Gold Mining
19:35 Arson
28:42 Castle Age
boobiwest
0:34 Loom
0:34 Loom
17:17 Feudal Age
18:35 Wheelbarrow
20:22 Double-Bit Axe
20:50 Horse Collar
21:50 Town Watch
25:07 Gold Mining
28:45 Castle Age
30:38 Forging
30:28 Scale Mail Armor
31:08 Hand Cart
30:53 Town Patrol
31:03 Heavy Plow
31:15 Bow Saw
31:04 Stone Mining
33:22 Man-at-Arms
34:05 Long Swordsman
35:56 Iron Casting
35:36 Chain Mail Armor
35:57 Iron Casting
35:43 Chain Mail Armor
36:10 Pikeman
36:50 Squires
37:10 Squires
38:34 Stone Shaft Mining
37:53 Fletching
38:41 Bodkin Arrow
45:15 Imperial Age
42:55 Anarchy
47:06 Blast Furnace
46:25 Guilds
45:37 Two-Handed Swordsman
45:38 Halberdier
46:26 Perfusion
45:58 Elite Huskarl
47:08 Conscription
46:19 Sappers
46:26 Champion
R1D1
5:15 Loom
12:03 Feudal Age
17:42 Castle Age
17:37 Double-Bit Axe
18:53 Stone Mining
22:24 Bow Saw
27:48 Pikeman
28:29 Squires
30:08 Wheelbarrow
32:00 Hand Cart
31:47 Gold Mining
35:23 Scale Mail Armor
35:34 Forging
38:04 Imperial Age
35:50 Gambesons
35:50 Arson
38:35 Iron Casting
37:51 Fletching
38:00 Town Watch
38:57 Chain Mail Armor
39:07 Thumb Ring
39:16 Town Patrol
38:53 Elite Skirmisher
39:40 Scale Barding Armor
40:09 Conscription
39:17 Elite War Wagon
39:56 Horse Collar
41:20 Two-Man Saw
40:57 Gold Shaft Mining
40:57 Stone Shaft Mining
41:26 Chemistry
40:46 Ballistics
40:14 Halberdier
41:09 Bodkin Arrow
42:26 Bracer
42:57 Plate Mail Armor
42:39 Masonry
42:10 Treadmill Crane
44:20 Husbandry
43:42 Light Cavalry
44:48 Shinkichon
44:35 Scale Barding Armor
45:02 Architecture
44:38 Siege Engineers
44:29 Murder Holes
49:21 Hussar
55:20 Chain Barding Armor
59:27 Heavy Plow
皮卡皮卡
0:29 Loom
16:18 Feudal Age
18:30 Double-Bit Axe
20:12 Gold Mining
22:44 Wheelbarrow
22:46 Stone Mining
30:18 Town Watch
32:53 Castle Age
31:16 Fletching
31:27 Padded Archer Armor
32:24 Town Watch
33:48 Horse Collar
34:46 Gold Shaft Mining
34:51 Stone Shaft Mining
34:30 Bow Saw
35:23 Heavy Plow
35:49 Nomads
36:15 Hand Cart
39:04 Caravan
42:40 Bodkin Arrow
43:43 Leather Archer Armor
47:40 Imperial Age
45:57 Ballistics
45:48 Fortified Wall
45:34 Murder Holes
46:22 Masonry
45:59 Elite Skirmisher
49:14 Parthian Tactics
48:52 Bracer
51:05 Conscription
51:21 Hoardings
51:05 Heavy Cavalry Archer
51:24 Onager
53:45 Forging
54:44 Hoardings
54:21 Scale Barding Armor
54:19 Husbandry
54:30 Bloodlines
55:00 Drill
56:53 Chemistry
56:30 Iron Casting
56:16 Chain Barding Armor
55:47 Elite Mangudai
56:04 Light Cavalry
59:34 Blast Furnace
59:42 Hussar
公鸡神探
7:04 Loom
9:31 Feudal Age
10:19 Double-Bit Axe
10:15 Horse Collar
11:54 Town Watch
12:00 Town Watch
20:48 Castle Age
21:20 Scale Barding Armor
21:25 Forging
21:27 Gold Mining
26:39 Iron Casting
27:38 Bloodlines
27:28 Husbandry
29:04 Chain Barding Armor
35:33 Imperial Age
33:26 Fletching
33:37 Padded Archer Armor
34:35 Kasbah
35:19 Gold Shaft Mining
36:27 Wheelbarrow
35:53 Town Patrol
36:00 Bodkin Arrow
36:20 Leather Archer Armor
36:38 Stone Mining
37:12 Conscription
37:09 Bow Saw
38:07 Stone Shaft Mining
38:02 Maghrebi Camels
38:25 Bracer
38:55 Ring Archer Armor
39:28 Chemistry
38:31 Elite Camel Archer
40:27 Ballistics
40:45 Plate Barding Armor
41:11 Blast Furnace
41:00 Maghrebi Camels
45:52 Siege Engineers
46:10 Cavalier
53:07 Masonry
52:38 Treadmill Crane
55:46 Fortified Wall
翻斗花园突破手绫小路
11:46 Feudal Age
15:52 Castle Age
14:15 Double-Bit Axe
14:19 Horse Collar
24:13 Wheelbarrow
25:24 Gold Mining
25:25 Stone Mining
25:50 Bow Saw
25:54 Heavy Plow
28:21 Scale Barding Armor
28:46 Hand Cart
28:19 Loom
28:20 Town Watch
31:29 Imperial Age
30:42 Chain Barding Armor
34:52 Gold Shaft Mining
34:44 Conscription
34:25 Recurve Bow
35:23 Husbandry
35:33 Bloodlines
34:44 Cavalier
34:51 Cavalier
35:54 Paladin
39:40 Plate Barding Armor
38:51 Capped Ram
40:57 Town Patrol
42:00 Two-Man Saw
41:32 Crop Rotation
59:30 Ballistics
60:11 Chemistry
59:13 Padded Archer Armor
59:04 Fletching
60:08 Thumb Ring
60:29 Parthian Tactics
59:25 Heavy Cavalry Archer
62:41 Leather Archer Armor
62:22 Bodkin Arrow
御园莓华世界一かわい
2:45 Loom
29:40 Feudal Age
35:48 Double-Bit Axe
45:53 Castle Age
48:57 Coinage
49:04 Coinage
55:03 Wheelbarrow
55:09 Wheelbarrow
54:49 Bow Saw
59:19 Hand Cart
59:26 Hand Cart
59:09 Elite Skirmisher
59:57 Elite Skirmisher
61:25 Elite Skirmisher
Connection lost

Rejoining the realm…

Still unreachable

The connection could not be restored.

Session expired

The server has moved on; the page needs a fresh start.